[Event "7th Paul Keres Memorial Festival 2026 Classic A"]
[Site "ESTONIA Resort Hotel & Spa conference center, EE"]
[Date "2026.07.28"]
[Round "3"]
[White "Haitin, Ilja"]
[Black "Zeng, Chongsheng"]
[Result "1/2-1/2"]
[Board "3"]
[TimeControl "5400+30"]
[WhiteFideId "4501764"]
[BlackFideId "8603847"]
[WhiteElo "2273"]
[BlackElo "2565"]
[WhiteTitle "FM"]
[BlackTitle "GM"]
[WhiteClock "0:00:54"]
[BlackClock "0:00:35"]
[Variant "Standard"]
[EndDate "2026.07.28"]
[EndTime "17:06:03"]

1. e4 c5 2. Nf3 e6 3. d4 cxd4 4. Nxd4 a6 5. Bd3 Nf6 6. O-O Qc7 7. Qe2 d6 8. c4 Nbd7 9. f4 g6 10. f5 Bg7 11. fxe6 Ne5 12. exf7+ Nxf7 13. Nc3 Qc5 14. Be3 Ng4 15. Nf5 Nxe3 16. Na4 Qa7 17. Nxg7+ Kf8 18. c5 Nxf1 19. Rxf1 Kxg7 20. Qf3 b5 21. Qf6+ Kg8 22. Nb6 Rb8 23. b4 dxc5 24. bxc5 Bg4 25. h3 Re8 26. hxg4 Qe7 27. Nd5 Qxf6 28. Nxf6+ Kg7 29. Nxe8+ Rxe8 30. a4 Rd8 31. Be2 Rd2 32. Re1 bxa4 33. Bxa6 Ne5 34. c6 Nxc6 35. Bb5 Ne5 36. Bxa4 Kf6 37. Ra1 Kg5 38. Bd1 Kf4 39. Kh2 g5 40. Rb1 Rd6 41. Ra1 Rd2 42. Rb1 h6 43. Ra1 Rd4 44. Rb1 Rxe4 45. Rb6 Re1 46. Rf6+ Ke3 47. Bf3 Rf1 48. Re6 Kf4 49. Rf6+ Ke3 50. Re6 Kf4 1/2-1/2

[Event "7th Paul Keres Memorial Festival 2026 Classic A"]
[Site "ESTONIA Resort Hotel & Spa conference center, EE"]
[Date "2026.07.28"]
[Round "3"]
[White "Bleys, Michiel"]
[Black "Laurusas, Tomas"]
[Result "0-1"]
[Board "4"]
[TimeControl "5400+30"]
[WhiteFideId "240702"]
[BlackFideId "12803731"]
[WhiteElo "2159"]
[BlackElo "2511"]
[BlackTitle "GM"]
[WhiteClock "0:02:29"]
[BlackClock "0:13:07"]
[Variant "Standard"]
[EndDate "2026.07.28"]
[EndTime "16:31:23"]

1. d4 Nf6 2. c4 e6 3. Nc3 d5 4. cxd5 exd5 5. Bg5 c6 6. e3 h6 7. Bh4 Be7 8. Bd3 O-O 9. Nge2 Re8 10. O-O Nbd7 11. f3 b5 12. Rc1 Bb7 13. Bg3 Bf8 14. Qd2 Nb6 15. Bf2 b4 16. Nb1 Rc8 17. Qd1 c5 18. dxc5 Bxc5 19. Nd4 Nc4 20. Qb3 Qb6 21. Bf5 Rc7 22. Kh1 g6 23. Bh3 Rce7 24. Qc2 Bxd4 25. exd4 Re2 26. Qa4 Nxb2 27. Qb3 Ba6 28. Rce1 Bc4 29. Rxe2 Rxe2 0-1

[Event "7th Paul Keres Memorial Festival 2026 Classic A"]
[Site "ESTONIA Resort Hotel & Spa conference center, EE"]
[Date "2026.07.28"]
[Round "3"]
[White "Keinanen, Toivo"]
[Black "Keinanen, Anastasia"]
[Result "1-0"]
[Board "5"]
[TimeControl "5400+30"]
[WhiteFideId "509825"]
[BlackFideId "34101737"]
[WhiteElo "2495"]
[BlackElo "2259"]
[WhiteTitle "IM"]
[BlackTitle "WIM"]
[WhiteClock "1:04:39"]
[BlackClock "0:59:15"]
[Variant "Standard"]
[EndDate "2026.07.28"]
[EndTime "14:43:08"]

1. Nf3 f5 2. d4 Nf6 3. g3 g6 4. Bg2 Bg7 5. O-O O-O 6. c4 d6 7. Nc3 Qe8 8. Nd5 Na6 9. Nxf6+ Bxf6 10. Bh6 Bg7 11. Bxg7 Kxg7 12. Qd2 e6 13. Rae1 Qe7 14. e4 fxe4 15. Rxe4 h6 16. b4 c6 17. Rfe1 Nc7 18. c5 dxc5 19. bxc5 Nd5 20. Ne5 Nf6 21. R4e3 a5 22. Qc2 Qe8 23. Nc4 Bd7 24. Nd6 Qb8 25. Bh3 Nd5 26. Re5 Rf6 27. Bxe6 Bxe6 28. Rxe6 Qf8 29. Re8 1-0

[Event "7th Paul Keres Memorial Festival 2026 Classic A"]
[Site "ESTONIA Resort Hotel & Spa conference center, EE"]
[Date "2026.07.28"]
[Round "3"]
[White "Ostensen, Nicolai Maxime"]
[Black "Ter-Avetisjana, Agnesa Stepania"]
[Result "1-0"]
[Board "6"]
[TimeControl "5400+30"]
[WhiteFideId "1546970"]
[BlackFideId "11614900"]
[WhiteElo "2407"]
[BlackElo "2141"]
[WhiteTitle "FM"]
[BlackTitle "WIM"]
[WhiteClock "0:06:02"]
[BlackClock "0:02:16"]
[Variant "Standard"]
[EndDate "2026.07.28"]
[EndTime "16:59:47"]

1. e4 c6 2. d4 d5 3. Nc3 dxe4 4. Nxe4 Bf5 5. Qf3 e6 6. Ne2 Nd7 7. N2g3 Bg6 8. c3 Ngf6 9. Nxf6+ Nxf6 10. h4 h6 11. h5 Bh7 12. Bd3 Bxd3 13. Qxd3 Qd5 14. Kf1 Rd8 15. Be3 Be7 16. b3 Qa5 17. Qc2 Bd6 18. Ne2 O-O 19. Rd1 c5 20. Rh4 cxd4 21. Rdxd4 Bc7 22. Ra4 Qf5 23. Nd4 Qxc2 24. Nxc2 a5 25. Rac4 Be5 26. Rc5 Rd5 27. c4 Rxc5 28. Bxc5 Rd8 29. Ke2 a4 30. Be7 Rd7 31. Bxf6 gxf6 32. Rh3 axb3 33. axb3 f5 34. Re3 Bc7 35. Rd3 Re7 36. c5 Kg7 37. b4 Be5 38. Na3 Kf6 39. Nc4 Rc7 40. Ke3 Re7 41. f4 Bc7 42. Kf3 e5 43. fxe5+ Kg5 44. Rd5 f6 45. exf6 Kxf6 46. Ne3 Be5 47. Rd8 Rg7 48. Rf8+ Ke6 49. Re8+ 1-0

[Event "7th Paul Keres Memorial Festival 2026 Classic A"]
[Site "ESTONIA Resort Hotel & Spa conference center, EE"]
[Date "2026.07.28"]
[Round "3"]
[White "Harikrishnan.A.Ra"]
[Black "Ternault, Mathieu"]
[Result "1-0"]
[Board "7"]
[TimeControl "5400+30"]
[WhiteFideId "5081483"]
[BlackFideId "20641532"]
[WhiteElo "2519"]
[BlackElo "2281"]
[WhiteTitle "GM"]
[BlackTitle "FM"]
[WhiteClock "0:11:14"]
[BlackClock "0:00:32"]
[Variant "Standard"]
[EndDate "2026.07.28"]
[EndTime "16:52:06"]

1. d4 Nf6 2. Bf4 e6 3. e3 d6 4. h3 Be7 5. Nf3 c5 6. c3 b6 7. Bb5+ Bd7 8. Bd3 Bc6 9. O-O Nbd7 10. Bh2 Ne4 11. c4 O-O 12. Bxe4 Bxe4 13. Nc3 Bb7 14. d5 e5 15. e4 g6 16. Ne1 Bg5 17. Nd3 Qe7 18. a3 Nf6 19. Qe2 Nh5 20. g3 Bh6 21. f4 exf4 22. gxf4 f5 23. e5 dxe5 24. fxe5 Qg5+ 25. Kh1 Qh4 26. b3 Qxh3 27. Rf3 Qh4 28. Rg1 Rae8 29. Qg2 Bg7 30. Rh3 Qg4 31. Qf1 Qd4 32. Nb5 Qe4+ 33. Rg2 Rd8 34. Nf2 Qc2 35. Nd3 Qxb3 36. Nf4 Qxb5 37. cxb5 Nxf4 38. Bxf4 Bxd5 39. Re3 Rfe8 40. Rd3 Be4 41. Rd1 h6 42. Qc4+ Kh7 43. Rxd8 Rxd8 44. Qf7 g5 45. e6 Rf8 46. Qd7 Rg8 47. Be5 1-0

[Event "7th Paul Keres Memorial Festival 2026 Classic A"]
[Site "ESTONIA Resort Hotel & Spa conference center, EE"]
[Date "2026.07.28"]
[Round "3"]
[White "Beniosev, Daniel"]
[Black "Fecker, Noah"]
[Result "1/2-1/2"]
[Board "8"]
[TimeControl "5400+30"]
[WhiteFideId "11632674"]
[BlackFideId "1334263"]
[WhiteElo "1954"]
[BlackElo "2371"]
[WhiteTitle "CM"]
[BlackTitle "FM"]
[WhiteClock "0:17:52"]
[BlackClock "0:08:25"]
[Variant "Standard"]
[EndDate "2026.07.28"]
[EndTime "16:11:27"]

1. e4 c6 2. Nf3 d5 3. e5 Bg4 4. Be2 e6 5. O-O c5 6. c4 dxc4 7. Na3 Ne7 8. Nxc4 Nec6 9. Qb3 Qd7 10. h3 Bxf3 11. Bxf3 Be7 12. d3 O-O 13. Be3 Rd8 14. Be4 Na6 15. f4 Nab4 16. a4 Nd4 17. Bxd4 Qxd4+ 18. Kh1 Nxd3 19. Bxd3 Qxd3 20. Qxb7 Qxc4 21. Qxe7 Re8 1/2-1/2

[Event "7th Paul Keres Memorial Festival 2026 Classic A"]
[Site "ESTONIA Resort Hotel & Spa conference center, EE"]
[Date "2026.07.28"]
[Round "3"]
[White "Maltsevskaya, Aleksandra"]
[Black "Lazars, Krisjanis"]
[Result "1-0"]
[Board "9"]
[TimeControl "5400+30"]
[WhiteFideId "24174041"]
[BlackFideId "11635452"]
[WhiteElo "2360"]
[BlackElo "2007"]
[WhiteTitle "IM"]
[BlackTitle "CM"]
[WhiteClock "0:50:35"]
[BlackClock "0:14:41"]
[Variant "Standard"]
[EndDate "2026.07.28"]
[EndTime "16:08:46"]

1. e4 c5 2. Nc3 Nc6 3. f4 g6 4. Nf3 Bg7 5. a4 e6 6. e5 d6 7. Bb5 Nge7 8. d4 cxd4 9. Qxd4 dxe5 10. Qxd8+ Kxd8 11. O-O exf4 12. Bxf4 e5 13. Be3 Be6 14. Ng5 Nf5 15. Nxe6+ fxe6 16. Bg5+ Kc7 17. Bc4 h6 18. Bd2 Rad8 19. Rad1 Rhe8 20. g4 Nd6 21. Nb5+ Kb8 22. Bd3 g5 23. Be3 Nd4 24. Nxd6 Rxd6 25. Rf7 Bf8 26. Rdf1 Rdd8 27. Rh7 Nc6 28. Be4 Re7 29. Rff7 Rd1+ 30. Kf2 Rxf7+ 31. Rxf7 Bb4 32. c3 Ba5 33. Ke2 Ra1 34. Bxa7+ Kxa7 35. Bxc6 Kb6 36. Be4 Rxa4 37. b4 Ka6 38. Bxb7+ Kb6 39. bxa5+ Kxa5 40. h3 Ra2+ 41. Kd3 Rh2 42. Rf3 Kb6 43. Bc8 Kc5 44. Bxe6 Kd6 45. Bg8 Rh1 46. Rf6+ Kc5 47. Rxh6 Rg1 48. c4 Re1 49. Bd5 Rd1+ 50. Ke4 Re1+ 51. Kf5 Kd4 52. Kxg5 e4 53. Re6 e3 54. h4 Kd3 55. h5 Kd2 56. h6 Rh1 57. Bxh1 1-0

[Event "7th Paul Keres Memorial Festival 2026 Classic A"]
[Site "ESTONIA Resort Hotel & Spa conference center, EE"]
[Date "2026.07.28"]
[Round "3"]
[White "Krivonosov, Oleg"]
[Black "Mortensen, Michael"]
[Result "1/2-1/2"]
[Board "10"]
[TimeControl "5400+30"]
[WhiteFideId "11600349"]
[BlackFideId "1580515"]
[WhiteElo "2290"]
[BlackElo "2132"]
[WhiteTitle "IM"]
[BlackTitle "CM"]
[WhiteClock "1:34:32"]
[BlackClock "1:36:28"]
[Variant "Standard"]
[EndDate "2026.07.28"]
[EndTime "13:28:12"]

1. Nf3 d5 2. d4 Nf6 3. c4 c6 4. cxd5 cxd5 5. Nc3 Nc6 6. Bf4 Bf5 7. e3 e6 8. Qb3 Bb4 9. Bb5 O-O 10. Bxc6 Bxc3+ 11. Qxc3 Rc8 12. Ne5 Ng4 13. Nxg4 Bxg4 14. Qb4 Rxc6 15. Qxb7 Qc8 16. Qxc8 Rfxc8 17. O-O a5 18. b3 h5 19. h4 1/2-1/2

[Event "7th Paul Keres Memorial Festival 2026 Classic A"]
[Site "ESTONIA Resort Hotel & Spa conference center, EE"]
[Date "2026.07.29"]
[Round "4"]
[White "Keinanen, Toivo"]
[Black "Kazakouski, Valery"]
[Result "1/2-1/2"]
[Board "1"]
[TimeControl "5400+30"]
[WhiteFideId "509825"]
[BlackFideId "13507443"]
[WhiteElo "2495"]
[BlackElo "2594"]
[WhiteTitle "IM"]
[BlackTitle "GM"]
[WhiteClock "0:03:15"]
[BlackClock "0:03:56"]
[Variant "Standard"]
[EndDate "2026.07.29"]
[EndTime "12:11:17"]

1. d4 Nf6 2. Nf3 e6 3. c4 d5 4. g3 Be7 5. Bg2 O-O 6. O-O c6 7. Qc2 Nbd7 8. Nbd2 b6 9. e4 dxc4 10. Nxc4 Bb7 11. Bf4 c5 12. Rfe1 cxd4 13. Nd6 Bxd6 14. Bxd6 d3 15. Qxd3 Nc5 16. Qd1 Re8 17. Bxc5 bxc5 18. Qc2 h6 19. Nd2 Qc7 20. Rac1 Nd7 21. Nc4 Nb6 22. Re3 Nxc4 23. Qxc4 Red8 24. b4 Rd2 25. bxc5 Rad8 26. Bf3 Bc6 27. Qa6 g5 28. h3 Kg7 29. Kg2 e5 30. Re2 R2d4 31. Qa3 Ra4 32. Qc3 Rdd4 33. Rd2 Rxd2 34. Qxd2 Rd4 35. Qc3 f6 36. Qb3 Qd7 37. Rd1 h5 38. Bxh5 Bxe4+ 39. Kh2 Bc6 40. Rxd4 exd4 41. Bf3 d3 42. Bxc6 Qxc6 43. Qxd3 Qxc5 44. Kg2 a5 45. Qd7+ Kh6 46. a4 Qb4 47. Qc6 Kg7 48. Qc7+ Kh6 49. Qd8 Kg7 50. Qd7+ Kh6 51. Qe8 Kg7 52. Qc6 Kg6 53. Kh2 Kg7 54. Qd7+ Kh6 55. Kg1 Qe1+ 56. Kg2 Qe4+ 57. Kh2 Qb4 58. Qc6 Kg7 59. Kg1 Kg6 60. Kg2 Kg7 61. Kf3 Qe1 62. Qb7+ Kh6 63. Kg2 Qb4 64. Qd7 Qe4+ 65. Kh2 Qb4 66. Qf5 Kg7 67. Qc2 Kh6 68. Kg2 Qb7+ 69. Kg1 Kg7 70. Qd1 Qb4 71. Kh2 Kh6 72. Qg4 Kg7 73. Qd7+ Kh6 74. Qb5 Kg7 75. Qxb4 axb4 76. a5 b3 77. a6 b2 78. a7 b1=Q 79. a8=Q Qf1 80. Qf3 Qc4 81. Qf5 Qb4 82. Kg2 Qd4 83. Qe6 Kf8 84. Kf3 Qd3+ 85. Qe3 Qf5+ 86. Kg2 Qd5+ 87. Kh2 Kf7 88. h4 gxh4 89. gxh4 Qd6+ 90. Kg2 Qd5+ 91. Kg3 Qh1 92. f3 Kg7 93. Qe7+ Kg6 94. Qe4+ Kg7 95. Qf5 Qg1+ 96. Kh3 Kf7 97. Qd7+ Kf8 98. Qc8+ Kf7 99. Qf5 Ke7 100. Qe4+ Kf7 101. Qc4+ Kf8 102. Qb4+ Kf7 103. Qb3+ Kg7 104. Qb7+ Kf8 105. Qb8+ Kf7 106. Qc7+ Kf8 107. Qg3 Qc5 108. Qg6 Qc8+ 109. Kg3 Qc3 110. h5 Qe1+ 111. Kg4 Qg1+ 112. Kf5 Qc5+ 113. Kf4 Qc1+ 114. Ke4 Qc2+ 115. Kf4 Qc1+ 116. Kg3 Qg1+ 117. Kh4 Qh2+ 118. Kg4 Qg1+ 119. Kf5 Qc5+ 120. Kxf6 Qc6+ 1/2-1/2

[Event "7th Paul Keres Memorial Festival 2026 Classic A"]
[Site "ESTONIA Resort Hotel & Spa conference center, EE"]
[Date "2026.07.29"]
[Round "4"]
[White "Laurusas, Tomas"]
[Black "Ostensen, Nicolai Maxime"]
[Result "1/2-1/2"]
[Board "2"]
[TimeControl "5400+30"]
[WhiteFideId "12803731"]
[BlackFideId "1546970"]
[WhiteElo "2511"]
[BlackElo "2407"]
[WhiteTitle "GM"]
[BlackTitle "FM"]
[WhiteClock "0:02:43"]
[BlackClock "0:25:52"]
[Variant "Standard"]
[EndDate "2026.07.29"]
[EndTime "10:57:58"]

1. d4 Nf6 2. c4 g6 3. Nc3 Bg7 4. e4 d6 5. Nf3 O-O 6. Be2 Nbd7 7. O-O e5 8. dxe5 dxe5 9. Be3 c6 10. Nd2 Qe7 11. Nb3 Rd8 12. Qc2 Nf8 13. Rfd1 Rxd1+ 14. Rxd1 Ne6 15. c5 Nf4 16. f3 Nxe2+ 17. Nxe2 Be6 18. Na5 Qc7 19. Nc4 Bxc4 20. Qxc4 Rd8 21. Rxd8+ Qxd8 22. Qb3 Qc7 23. Nc1 Nd7 24. Nd3 Nf8 25. Qa4 Qd7 26. Nf2 a6 27. Kf1 h5 28. Ke2 Kh7 29. Nd3 f6 30. h4 Ne6 31. g3 Bh6 32. Bf2 Kg7 33. Qc4 Qf7 34. b3 Qd7 35. Qc3 Kf7 36. Nb2 Bf8 37. Be3 Qe7 38. b4 Nc7 39. Qb3+ Qe6 40. Nc4 Ke8 41. Na5 Qxb3 42. axb3 Kd7 43. Nxb7 f5 44. Kd3 Be7 45. Na5 Bf6 46. f4 Ne6 47. exf5 gxf5 48. fxe5 Bxe5 49. Bf2 Bc7 50. Nc4 Ke7 51. Ke3 Kf6 52. Kf3 Nf8 53. Bd4+ Ke6 54. Ne3 Ng6 55. Ng2 Kd5 56. Bc3 Bb8 57. Ne3+ Ke6 58. Bg7 f4 59. gxf4 Bxf4 60. Ng2 Bd2 61. Ke4 Bxb4 62. Bd4 Ba5 63. Bf2 Bd8 64. Bg3 Bf6 65. Be1 Be7 66. Bf2 a5 67. Be1 Bf6 68. Bg3 Be7 69. Be1 Bxc5 70. Bxa5 Be7 1/2-1/2

[Event "7th Paul Keres Memorial Festival 2026 Classic A"]
[Site "ESTONIA Resort Hotel & Spa conference center, EE"]
[Date "2026.07.29"]
[Round "4"]
[White "Lagarde, Maxime"]
[Black "Maltsevskaya, Aleksandra"]
[Result "1/2-1/2"]
[Board "3"]
[TimeControl "5400+30"]
[WhiteFideId "662399"]
[BlackFideId "24174041"]
[WhiteElo "2622"]
[BlackElo "2360"]
[WhiteTitle "GM"]
[BlackTitle "IM"]
[WhiteClock "0:01:57"]
[BlackClock "0:01:36"]
[Variant "Standard"]
[EndDate "2026.07.29"]
[EndTime "11:24:35"]

1. e4 c5 2. Nf3 d6 3. Bc4 Nc6 4. O-O Nf6 5. d3 g6 6. c3 Bg7 7. Re1 O-O 8. a4 d5 9. exd5 Nxd5 10. a5 Bg4 11. Nbd2 e6 12. Qa4 Bxf3 13. Nxf3 Qc7 14. Qa3 Ne5 15. Nxe5 Bxe5 16. g3 Rac8 17. Qb3 Rfd8 18. Bg5 Bf6 19. h4 Kg7 20. Qd1 h6 21. Bd2 Qc6 22. Qf3 Rd7 23. Re4 b5 24. axb6 axb6 25. Bxd5 exd5 26. Rf4 Be5 27. Rfa4 Re8 28. Ra7 Bb8 29. Ra8 Rde7 30. Bxh6+ Kxh6 31. Rxb8 Rxb8 32. Qf4+ Kh7 33. Qxb8 Qf6 34. Ra8 Re2 35. Qg8+ Kh6 36. Qh8+ Qxh8 37. Rxh8+ Kg7 38. Rd8 d4 39. cxd4 Rxb2 40. dxc5 bxc5 41. Kg2 Rc2 42. Kf3 c4 43. d4 Kf6 44. Rc8 Ke6 45. Rc5 Kd6 46. h5 gxh5 47. Rxh5 Rd2 48. Ke3 Rd3+ 49. Ke4 Rd2 50. Rh6+ Kd7 51. Rf6 c3 52. Rxf7+ Kd8 53. Rf8+ Kd7 54. Rf7+ Kd6 55. Rf6+ Kd7 56. Rf3 c2 57. Rc3 Rxf2 58. g4 Rg2 59. Kf5 Kd6 60. Rc5 Rf2+ 61. Kg6 Rg2 62. g5 Re2 63. Kh6 Rh2 64. Kg7 Re2 65. Kf6 Rf2 66. Kg6 Re2 67. Kf5 Rf2+ 68. Kg4 Rd2 69. Kh5 Rh2+ 70. Kg6 1/2-1/2

[Event "7th Paul Keres Memorial Festival 2026 Classic A"]
[Site "ESTONIA Resort Hotel & Spa conference center, EE"]
[Date "2026.07.29"]
[Round "4"]
[White "Zeng, Chongsheng"]
[Black "Kirk, Ezra"]
[Result "1-0"]
[Board "4"]
[TimeControl "5400+30"]
[WhiteFideId "8603847"]
[BlackFideId "600067"]
[WhiteElo "2565"]
[BlackElo "2378"]
[WhiteTitle "GM"]
[BlackTitle "IM"]
[WhiteClock "0:39:17"]
[BlackClock "0:04:16"]
[Variant "Standard"]
[EndDate "2026.07.29"]
[EndTime "10:16:57"]

1. e4 e6 2. d4 d5 3. Nd2 c5 4. Ngf3 Nc6 5. exd5 exd5 6. Bb5 Bd6 7. dxc5 Bxc5 8. O-O Nge7 9. Nb3 Bb6 10. Re1 O-O 11. Be3 Bg4 12. Bxb6 Qxb6 13. Bxc6 Nxc6 14. Qxd5 Nb4 15. Qe4 Bxf3 16. gxf3 Rac8 17. c3 Nc6 18. Rad1 Rcd8 19. f4 h6 20. f5 Rxd1 21. Rxd1 Rd8 22. Rxd8+ Qxd8 23. h4 Qd6 24. Kg2 Kh7 25. Nd4 Nxd4 26. cxd4 f6 27. a3 a5 28. d5 a4 29. Kf3 Qb6 30. Qb4 Qa6 31. Ke3 Kg8 32. d6 Qc6 33. Qd4 Qc1+ 34. Ke2 Qc2+ 35. Kf1 Qc1+ 36. Kg2 Qc6+ 37. Kg3 Kf8 38. d7 Qc7+ 39. Kg4 Ke7 40. Kh5 1-0

[Event "7th Paul Keres Memorial Festival 2026 Classic A"]
[Site "ESTONIA Resort Hotel & Spa conference center, EE"]
[Date "2026.07.29"]
[Round "4"]
[White "Povilaitis, Tomas"]
[Black "Harikrishnan.A.Ra"]
[Result "0-1"]
[Board "5"]
[TimeControl "5400+30"]
[WhiteFideId "12811700"]
[BlackFideId "5081483"]
[WhiteElo "2150"]
[BlackElo "2519"]
[BlackTitle "GM"]
[WhiteClock "0:02:40"]
[BlackClock "0:05:06"]
[Variant "Standard"]
[EndDate "2026.07.29"]
[EndTime "10:58:36"]

1. e4 e6 2. d4 d5 3. Nc3 Nf6 4. Bg5 dxe4 5. Nxe4 Nbd7 6. Nf3 h6 7. Nxf6+ Nxf6 8. Bh4 c5 9. Bb5+ Bd7 10. Bxd7+ Qxd7 11. Qe2 cxd4 12. O-O-O Bc5 13. Nxd4 Bxd4 14. c3 Rc8 15. Kb1 Qc6 16. Rxd4 Qxg2 17. Qb5+ Rc6 18. Rhd1 O-O 19. Qxb7 Ne4 20. Ka1 Nc5 21. Qe7 Rfc8 22. Bg3 Qf3 23. Rg1 Ra6 24. Rb4 Qd5 25. a3 Qf5 26. Bh4 Kh8 27. Ka2 Qd5+ 28. Ka1 Qf5 29. Ka2 Nd3 30. Rbg4 Qd5+ 31. c4 Qe5 32. Rb1 Rb8 33. Bg3 Rxb2+ 34. Ka1 Rxb1+ 0-1

[Event "7th Paul Keres Memorial Festival 2026 Classic A"]
[Site "ESTONIA Resort Hotel & Spa conference center, EE"]
[Date "2026.07.29"]
[Round "4"]
[White "Grave, Jacob Templen"]
[Black "Haitin, Ilja"]
[Result "1/2-1/2"]
[Board "6"]
[TimeControl "5400+30"]
[WhiteFideId "1542656"]
[BlackFideId "4501764"]
[WhiteElo "2392"]
[BlackElo "2273"]
[WhiteTitle "FM"]
[BlackTitle "FM"]
[WhiteClock "0:00:36"]
[BlackClock "0:02:34"]
[Variant "Standard"]
[EndDate "2026.07.29"]
[EndTime "11:33:31"]

1. e4 e5 2. Nf3 Nf6 3. Nxe5 d6 4. Nf3 Nxe4 5. d4 d5 6. Bd3 Bf5 7. O-O Be7 8. Re1 Nc6 9. Nbd2 Nxd2 10. Qxd2 Bxd3 11. Qxd3 O-O 12. c3 Qd7 13. Bf4 a6 14. Re2 Rae8 15. Rae1 Bd8 16. h4 Rxe2 17. Qxe2 f6 18. Nd2 a5 19. Qb5 Ne5 20. Qe2 Nc6 21. Nf1 Ne7 22. h5 Kf7 23. Qf3 Re8 24. Ng3 c6 25. Qd3 g6 26. f3 Nf5 27. Rxe8 Kxe8 28. Nxf5 Qxf5 29. Qxf5 gxf5 30. a4 b5 31. b3 bxa4 32. bxa4 Kf7 33. Kf2 Ke6 34. Ke2 Kf7 35. Kd3 Ke6 36. c4 Kd7 37. c5 Be7 38. Ke3 Bf8 39. Kf2 Kc8 40. Bd2 Bg7 41. Ke2 Bf8 42. Bxa5 Bh6 43. Be1 Kb7 44. Ba5 f4 45. Bd8 f5 46. Kd3 Ka6 47. Kc3 Kb7 48. Bf6 Ka6 49. Kb4 Kb7 50. Be5 Ka6 51. Kb3 Ka5 52. Bc7+ Ka6 53. Bd8 Kb7 54. Ba5 Bg7 55. Bc3 Bf6 56. Kc2 Bh4 57. Kd3 Bg3 58. Ba5 Ka6 59. Bd8 Kb7 60. Bf6 Ka6 61. Kc2 Ka5 62. Kb3 Ka6 63. Be5 Bh2 64. Bf6 Bg3 1/2-1/2

[Event "7th Paul Keres Memorial Festival 2026 Classic A"]
[Site "ESTONIA Resort Hotel & Spa conference center, EE"]
[Date "2026.07.29"]
[Round "4"]
[White "Fecker, Noah"]
[Black "Viskelis, Darius"]
[Result "1-0"]
[Board "7"]
[TimeControl "5400+30"]
[WhiteFideId "1334263"]
[BlackFideId "12800830"]
[WhiteElo "2371"]
[BlackElo "2114"]
[WhiteTitle "FM"]
[BlackTitle "FM"]
[WhiteClock "0:28:04"]
[BlackClock "0:11:28"]
[Variant "Standard"]
[EndDate "2026.07.29"]
[EndTime "10:07:45"]

1. e4 e5 2. Nf3 Nf6 3. Nxe5 d6 4. Nf3 Nxe4 5. d4 d5 6. Bd3 Be7 7. O-O O-O 8. Re1 Nd6 9. Bf4 Bg4 10. Nbd2 Nc6 11. h3 Bh5 12. c3 Bg6 13. Bxg6 fxg6 14. Bh2 Bf6 15. Qb3 Ne7 16. Bxd6 Qxd6 17. Ne4 Qd8 18. Re2 Nf5 19. Nc5 c6 20. Nxb7 Qc8 21. Nc5 h6 22. Qb7 Qxb7 23. Nxb7 Rfe8 24. Rae1 Rxe2 25. Rxe2 Rb8 26. Na5 c5 27. dxc5 Rb5 28. Nb3 a5 29. Re8+ Kf7 30. Ra8 Ke6 31. g4 1-0

[Event "7th Paul Keres Memorial Festival 2026 Classic A"]
[Site "ESTONIA Resort Hotel & Spa conference center, EE"]
[Date "2026.07.29"]
[Round "4"]
[White "Kreken, Eivind Grunt"]
[Black "Dijokas, Jokubas"]
[Result "1-0"]
[Board "8"]
[TimeControl "5400+30"]
[WhiteFideId "1532359"]
[BlackFideId "12840653"]
[WhiteElo "2335"]
[BlackElo "2077"]
[WhiteTitle "FM"]
[WhiteClock "0:02:11"]
[BlackClock "0:00:59"]
[Variant "Standard"]
[EndDate "2026.07.29"]
[EndTime "10:57:11"]

1. e4 c6 2. d4 d5 3. exd5 cxd5 4. Nf3 Nf6 5. c3 Nc6 6. Ne5 e6 7. Nd2 Nxe5 8. dxe5 Nd7 9. Nf3 Be7 10. Bd3 Qc7 11. Bf4 Nc5 12. Bc2 Bd7 13. O-O h6 14. Nd4 g5 15. Bg3 h5 16. h3 O-O-O 17. Qe2 Bc6 18. Rfe1 Ne4 19. Bh2 h4 20. Rad1 Bc5 21. Qf3 Rhf8 22. b4 Bxd4 23. cxd4 a5 24. a3 Kb8 25. Qe3 Rg8 26. Bd3 axb4 27. axb4 Qb6 28. b5 Bd7 29. Ra1 Rc8 30. Ra3 Rc3 31. Rxc3 Nxc3 32. Bf1 Rc8 33. Rc1 Nxb5 34. Rb1 Qc6 35. Bxb5 Qb6 36. Bd3 Qa5 37. Qxg5 Rc3 38. Qd2 Qa3 39. Bf1 Ba4 40. Bf4 Rc2 41. Qa5 Qa2 42. Rb4 Bc6 43. Qxa2 Rxa2 44. Bb5 1-0

[Event "7th Paul Keres Memorial Festival 2026 Classic A"]
[Site "ESTONIA Resort Hotel & Spa conference center, EE"]
[Date "2026.07.29"]
[Round "4"]
[White "Keinanen, Anastasia"]
[Black "Du, Yuxin"]
[Result "1/2-1/2"]
[Board "10"]
[TimeControl "5400+30"]
[WhiteFideId "34101737"]
[BlackFideId "8610282"]
[WhiteElo "2259"]
[BlackElo "2019"]
[WhiteTitle "WIM"]
[WhiteClock "0:04:32"]
[BlackClock "0:07:35"]
[Variant "Standard"]
[EndDate "2026.07.29"]
[EndTime "11:28:38"]

1. e4 c6 2. d4 d5 3. exd5 cxd5 4. Nf3 Nc6 5. c3 Qc7 6. g3 e6 7. Bf4 Bd6 8. Bxd6 Qxd6 9. Nbd2 Nge7 10. Bg2 O-O 11. O-O f6 12. Re1 Bd7 13. Rc1 Rae8 14. b4 b6 15. a3 Qb8 16. Bh3 Nd8 17. Qb3 Kh8 18. b5 Nc8 19. c4 dxc4 20. Nxc4 Nd6 21. a4 N8b7 22. Nb2 Nf5 23. Nd3 Qd6 24. Qb4 Rc8 25. Bxf5 exf5 26. Qxd6 Nxd6 27. d5 Ne4 28. Nd4 Nc3 29. Nb4 Nxa4 30. Nbc6 Rfe8 31. Rxe8+ Rxe8 32. Ra1 Nc5 33. Rxa7 f4 34. Kg2 fxg3 35. hxg3 h5 36. d6 Kg8 37. Ne7+ Kf8 38. Nd5 Rb8 39. Nc6 Rc8 40. Nde7 Re8 41. Rc7 Kf7 42. Nd5 Ke6 43. Nxb6 Kxd6 44. Nxd7 Nxd7 45. Rb7 Re4 46. Na7 Rc4 47. Nc6 g5 48. Nb8 Nxb8 49. Rxb8 h4 50. b6 Rb4 51. b7 hxg3 52. Kxg3 Kc7 53. Rf8 Kxb7 54. Rxf6 Kc7 55. Rg6 Rb5 56. Kg4 Rb2 57. Rf6 Kd7 58. Kxg5 Ke7 59. Rf3 Rb6 60. Rf5 Ra6 61. f4 Rb6 62. Ra5 Kf7 63. Ra7+ Kf8 64. Rh7 Kg8 65. Rc7 Ra6 66. Kf5 Kf8 67. Rh7 Rb6 68. Rd7 Ra6 69. Ke5 Rb6 70. Ra7 Ke8 71. Kf5 Kf8 72. Kg5 Kg8 73. Rc7 Ra6 74. f5 Kf8 75. Rh7 Rb6 76. Ra7 Rc6 77. Kf4 Rb6 78. Ke5 Rc6 79. Kd5 Rb6 80. Rd7 Ra6 81. Rd6 Rb6 82. Rc6 Rxc6 1/2-1/2

[Event "7th Paul Keres Memorial Festival 2026 Classic A"]
[Site "ESTONIA Resort Hotel & Spa conference center, EE"]
[Date "2026.07.29"]
[Round "5"]
[White "Kazakouski, Valery"]
[Black "Laurusas, Tomas"]
[Result "1/2-1/2"]
[Board "1"]
[TimeControl "5400+30"]
[WhiteFideId "13507443"]
[BlackFideId "12803731"]
[WhiteElo "2594"]
[BlackElo "2511"]
[WhiteTitle "GM"]
[BlackTitle "GM"]
[WhiteClock "0:20:46"]
[BlackClock "0:00:36"]
[Variant "Standard"]
[EndDate "2026.07.29"]
[EndTime "17:05:32"]

1. e4 e5 2. Nf3 Nf6 3. Nxe5 d6 4. Nd3 Nxe4 5. Qe2 Qe7 6. Nf4 Nf6 7. d4 Qxe2+ 8. Bxe2 d5 9. Nc3 c6 10. Bd3 Bd6 11. f3 h5 12. Bd2 b6 13. Kf2 Ba6 14. Rae1+ Kd8 15. Nce2 Kc7 16. Bxa6 Nxa6 17. Nd3 Nd7 18. Nef4 g5 19. Ne2 f6 20. h4 Rag8 21. hxg5 fxg5 22. Ng3 Bxg3+ 23. Kxg3 c5 24. c3 Nab8 25. Ne5 Rh7 26. Kf2 Nf6 27. dxc5 bxc5 28. b4 Nbd7 29. Nxd7 Nxd7 30. g4 h4 31. Re6 Rf7 32. Kg2 Rgf8 33. Rh3 Rg8 34. Be3 d4 35. Bd2 dxc3 36. Bxc3 cxb4 37. Bxb4 Nb6 38. Re5 Rd7 39. Rh1 Rd4 40. Rc1+ Kd7 41. Re7+ Kd8 42. Rb7 Re8 43. Kf2 Re6 44. a3 Rd3 45. Rxa7 Ree3 46. Rf7 Nd7 47. Bd2 Re5 48. Rc2 Ke8 49. Rg7 Kf8 50. Rxg5 Rxg5 51. Bxg5 Ne5 52. Be3 Kf7 53. Ra2 h3 54. Ra1 h2 55. a4 Ra3 56. Rh1 Rxa4 57. Kg3 Ra3 58. Kf4 Ng6+ 59. Ke4 Ra4+ 60. Bd4 Nh4 61. f4 Ra2 62. f5 Ra4 63. Ke3 Ng2+ 64. Kf3 Rxd4 65. Kxg2 Ra4 1/2-1/2